Map: Efflorescence LE

Players

Massa - Winner!

  • Race: Terran Terran
  • League: Platinum
  • Spawn Location: 9:00

qqq - Winner!

  • Race: Zerg Zerg
  • Spawn Location: 6:00

WhoseThat

  • Race: Zerg Zerg
  • League: Diamond
  • Spawn Location: 3:00

Greynit

  • Race: Zerg Zerg
  • Spawn Location: 12:00

VOD

Have the link to the VOD?

Description

Time

  • Played on: Feb. 6, 2021, 7:29 a.m.
  • Length: 9:53
Show
View Real Time Build Order
Export as new Build Order

Massa Terran - Winner!

Build Orders:  

Get SALT Encoding   

  12  0:00  SCV  
  13  0:12  SCV  
  14  0:18  Supply Depot  
  14  0:24  SCV  
  15  0:40  SCV, Barracks  
  16  0:51  Refinery  
  16  0:52  SCV  
  17  0:58  Supply Depot  
  18  1:04  SCV  
  18  1:16  SCV  
  19  1:19  Barracks  
  19  1:28  SCV  
  20  1:34  Barracks  
  20  1:42  SCV  
  20  1:44  Barracks Tech Lab  
  21  1:56  Orbital Command  
  21  2:03  Stimpack  
  21  2:06  Marine  
  22  2:09  Marine  
  23  2:24  Marine  
  23  2:25  Marine  
  23  2:26  Supply Depot  
  23  2:29  Marauder  
  27  2:42  Marine  
  27  2:43  Marine  
  29  2:48  Supply Depot  
  29  2:51  Marauder  
  31  2:59  Marine  
  31  3:01  Marine  
  33  3:12  Marauder  
  35  3:17  Marine  
  35  3:18  Marine  
  37  3:34  Marauder  
  39  3:35  Marine  
  39  3:36  Marine  
  41  3:49  Supply Depot  
  41  3:51  Combat Shield  
  41  3:52  Supply Depot  
  41  3:53  Marine  
  41  3:54  Marine  
  41  3:55  Marauder  
  45  4:11  Marine  
  45  4:12  Marine  
  45  4:16  Marauder  
  49  4:30  Marine x2  
  49  4:38  Marauder  
  51  4:48  Marine x2  
  53  4:59  Marine  
  54  5:06  Marine x2  
  40  5:17  Marauder  
  40  5:18  Factory  
  34  5:24  Marine x2  
  36  5:38  Marauder  
  36  5:41  Marine  
  36  5:42  Marine  
  40  5:44  Command Center  
  40  5:59  Marine x2  
  40  6:00  Marauder  
  40  6:02  Factory Tech Lab  
  44  6:17  Marine x2  
  46  6:21  Marauder  
  46  6:23  Concussive Shells  
  48  6:29  Starport  
  48  6:31  SCV  
  48  6:32  Refinery  
  49  6:39  Engineering Bay  
  49  6:43  SCV, Marauder  
  52  6:55  SCV  
  52  6:56  Supply Depot  
  52  6:58  Supply Depot x2  
  52  6:59  Siege Tank  
  56  7:01  Orbital Command  
  56  7:04  Refinery  
  56  7:05  Refinery  
  56  7:07  SCV  
  57  7:10  Barracks Reactor  
  57  7:16  Barracks Reactor  
  57  7:21  Missile Turret  
  57  7:25  SCV, Missile Turret  
  58  7:32  SCV  
  59  7:38  SCV  
  59  7:39  Siege Tank  
  64  7:44  SCV  
  64  7:45  Marauder  
  64  8:04  Medivac  
  66  8:12  Marauder, Marine x3  
  70  8:13  Marine  
  70  8:30  Marine x2  
  70  8:34  Medivac  
  74  8:36  SCV x2  
  71  8:43  Marauder, Marine x2  
  71  8:48  SCV x2, Marine  
  63  8:55  Siege Tank  
  64  9:00  SCV  
  64  9:02  Marine  
  63  9:04  Marauder  
  63  9:05  Marine  
  66  9:26  Marauder  
Show
View Real Time Build Order
Export as new Build Order

qqq Zerg - Winner!

Build Orders: Hatch First 

Get SALT Encoding   

  12  0:03  Drone  
  13  0:11  Drone  
  14  0:19  Overlord  
  14  0:48  Hatchery  
  13  0:58  Drone x3  
  16  1:07  Extractor  
  15  1:24  Spawning Pool  
  13  1:28  Drone  
  13  1:32  Drone  
  15  1:36  Drone  
  16  1:42  Drone  
  17  1:52  Drone  
  18  2:03  Drone  
  18  2:04  Drone  
  20  2:10  Queen  
  20  2:14  Metabolic Boost  
  22  2:25  Queen  
  24  2:31  Overlord  
  24  2:34  Zergling x2  
  25  2:38  Drone  
  25  2:40  Drone  
  27  2:44  Drone  
  27  2:49  Zergling x2  
  27  2:51  Zergling x2  
  30  2:56  Drone  
  31  2:59  Zergling x2  
  31  3:03  Overlord  
  32  3:11  Zergling x2  
  32  3:12  Drone  
  34  3:19  Zergling x2  
  35  3:20  Lair  
  35  3:22  Drone  
  36  3:29  Zergling x6  
  39  3:38  Zergling x2  
  39  3:39  Drone, Zergling x4  
  39  3:40  Zergling x2  
  44  3:51  Overlord  
  44  3:52  Overlord  
  42  4:12  Zergling x8  
  42  4:13  Drone x4  
  50  4:29  Zergling x4  
  50  4:30  Drone  
  43  4:42  Extractor, Drone, Zergling x2  
  44  4:47  Zergling x2  
  44  4:49  Zergling x2  
  46  4:54  Spire  
  46  4:56  Hatchery  
  46  4:57  Zergling x2  
  46  4:58  Zergling x2  
  46  5:19  Zergling x6  
  46  5:20  Drone x3  
  46  5:21  Zergling x2  
  53  5:32  Drone  
  53  5:34  Extractor  
  53  5:37  Extractor  
  52  5:55  Zergling x6  
  52  5:56  Drone x2  
  52  5:57  Drone x2  
  59  6:25  Mutalisk x3  
  65  6:33  Infestation Pit  
  65  6:34  Drone x2  
  65  6:35  Overlord x3  
  65  6:36  Overlord  
  65  6:37  Overlord x2  
  66  6:45  Overlord  
  66  6:46  Overlord  
  66  6:48  Zerg Flyer Weapons Level 1  
  66  6:53  Mutalisk x2, Queen  
  70  6:57  Overlord  
  70  6:58  Overlord  
  70  6:59  Drone x3  
  75  7:08  Mutalisk  
  75  7:14  Drone  
  75  7:15  Drone, Mutalisk  
  79  7:22  Drone x2  
  83  7:24  Mutalisk  
  83  7:29  Drone  
  86  7:32  Extractor  
  86  7:33  Extractor  
  84  7:41  Drone x3  
  84  7:42  Drone  
  88  7:46  Mutalisk  
  90  7:56  Queen  
  90  8:04  Hatchery  
  86  8:07  Drone  
  86  8:10  Mutalisk x4  
  86  8:11  Hatchery  
  94  8:28  Hive  
  94  8:35  Mutalisk  
  96  8:42  Mutalisk  
  96  8:43  Zergling x2  
  96  8:44  Zergling x4, Overlord x3  
  98  9:02  Mutalisk x4  
  89  9:04  Drone x3  
  99  9:18  Mutalisk x2  
  99  9:20  Swarm Host  
Show
View Real Time Build Order
Export as new Build Order

WhoseThat Zerg 

Build Orders: Hatch First 

Get SALT Encoding   

  12  0:03  Drone  
  13  0:08  Drone  
  14  0:17  Overlord  
  14  0:25  Extractor, Drone  
  15  0:37  Drone x2  
  17  0:46  Drone  
  17  0:49  Extractor  
  17  1:01  Hatchery  
  16  1:04  Drone  
  17  1:24  Drone, Spawning Pool  
  17  1:28  Drone  
  18  1:34  Drone  
  19  1:42  Overlord  
  19  1:58  Drone  
  20  2:12  Metabolic Boost  
  20  2:13  Queen  
  20  2:15  Zergling x2  
  23  2:24  Queen  
  23  2:27  Zergling x2  
  26  2:30  Drone  
  26  2:32  Drone  
  28  2:37  Drone  
  28  2:38  Drone  
  30  2:56  Drone  
  30  2:57  Drone  
  32  3:01  Hatchery  
  32  3:03  Drone  
  32  3:21  Drone x2  
  32  3:22  Drone x2  
  36  3:30  Overlord x2  
  35  3:44  Baneling Nest  
  34  3:49  Zergling x2  
  34  3:50  Zergling x12  
  37  4:17  Zergling x4  
  37  4:18  Zergling x10  
  43  4:27  Zergling x2  
  34  4:40  Baneling x5  
  34  4:42  Zergling x10  
  37  4:56  Zergling x2  
  37  4:57  Zergling x18  
  46  5:06  Zergling x2  
  40  5:20  Drone x3  
  41  5:39  Overlord  
  41  5:51  Hatchery  
  41  5:55  Baneling x2  
  40  5:58  Drone x4  
  40  5:59  Drone  
  45  6:18  Overlord  
  45  6:19  Overlord  
  45  6:37  Drone x3  
  45  6:39  Drone x2  
  51  6:40  Drone  
  51  6:44  Extractor  
  51  6:45  Lair  
  50  6:52  Spine Crawler  
  49  6:58  Spore Crawler  
  49  6:59  Drone  
  49  7:05  Queen  
  49  7:07  Overlord x2  
  51  7:14  Extractor  
  51  7:15  Baneling x7  
  50  7:19  Zergling x4  
  50  7:22  Drone  
  53  7:23  Drone  
  54  7:32  Drone x2  
  56  7:48  Zergling x12  
  55  8:13  Spore Crawler x2  
  55  8:19  Extractor  
  52  8:23  Hydralisk Den, Overlord x3  
  41  8:28  Zergling x10  
  46  8:36  Zergling x2  
  47  8:45  Drone x3  
  50  8:49  Drone x2  
  49  8:57  Baneling x2  
  49  8:59  Baneling x4  
  49  9:00  Hydralisk x2  
  49  9:01  Hydralisk x2  
  57  9:07  Hydralisk x2  
  61  9:15  Hydralisk x2  
  65  9:28  Hydralisk  
  65  9:29  Hydralisk  
Show
View Real Time Build Order
Export as new Build Order

Greynit Zerg 

Build Orders: Hatch First 

Get SALT Encoding   

  12  0:01  Drone  
  13  0:13  Overlord  
  13  0:18  Drone  
  14  0:31  Drone x2  
  16  0:38  Drone  
  17  0:54  Hatchery  
  16  0:57  Drone  
  16  1:00  Drone  
  18  1:16  Spawning Pool  
  17  1:22  Drone  
  18  1:26  Drone  
  18  1:29  Drone  
  20  1:40  Extractor  
  20  1:41  Drone  
  20  1:58  Overlord  
  20  2:04  Drone  
  20  2:07  Zergling x2  
  22  2:12  Queen x2  
  26  2:16  Zergling x2  
  26  2:21  Zergling x2  
  28  2:24  Drone  
  28  2:29  Drone  
  30  2:33  Drone  
  31  2:40  Metabolic Boost  
  31  2:44  Overlord  
  31  2:48  Drone  
  32  2:53  Queen x2  
  36  3:04  Overlord  
  36  3:06  Zergling x2  
  36  3:09  Drone x2  
  36  3:11  Drone  
  38  3:22  Drone x7  
  45  3:28  Overlord  
  45  3:38  Roach Warren  
  45  3:40  Extractor, Drone  
  44  3:44  Extractor  
  44  3:47  Zergling x2  
  44  3:48  Zergling x4  
  45  3:54  Zergling x2  
  46  4:05  Zergling x2  
  46  4:06  Zergling x12  
  52  4:17  Overlord x2  
  51  4:29  Overlord x3  
  39  4:37  Zergling x2  
  38  4:39  Queen x2  
  38  4:45  Zergling x2  
  43  4:55  Zergling x4  
  45  5:05  Zergling x2  
  46  5:07  Zergling x10  
  49  5:15  Queen x2  
  51  5:36  Drone x8  
  51  5:37  Drone x3  
  51  5:40  Extractor  
  57  5:51  Hatchery  
  56  5:59  Roach  
  56  6:00  Zergling x4  
  52  6:26  Lair  
  52  6:29  Drone  
  52  6:30  Drone x2  
  53  6:35  Roach x4  
  61  6:43  Hatchery  
  61  6:46  Roach  
  66  6:47  Roach x2  
  66  7:02  Drone x2  
  66  7:04  Overlord  
  66  7:05  Overlord x3  
  68  7:17  Overlord  
  68  7:18  Overlord  
  68  7:22  Overlord  
  68  7:25  Hatchery  
  68  7:27  Drone  
  68  7:28  Drone x4  
  72  7:39  Evolution Chamber  
  72  7:43  Infestation Pit  
  70  7:56  Roach x7  
  84  7:59  Ravager  
  84  8:00  Ravager x3  
  88  8:29  Drone, Zergling x12  
  88  8:30  Roach x5  
  78  9:02  Zergling x2  
  52  9:03  Zergling x4, Roach x2  
  52  9:04  Zergling x10, Roach x6  
Tags
 
Add a new tag
Caveats
  • Supply blocks, unpowered buildings, or Contaminate may cause inaccurate times.
  • Supply counts are checked every 10 seconds.